 Dungeon Crawl Stone Soup version 0.25-a0-632-g7713895373 (webtiles) character file.

Game seed: 6077059484075774195, levelgen mode: deterministic

15848 Flugkiller the Nimble (level 12, -5/84 HPs)
             Began as an Octopode Wizard on Mar 18, 2020.
             Was a Priest of Uskayaw.
             Slain by a six-headed hydra (12 damage)
             ... on level 3 of the Lair of Beasts on Mar 19, 2020.
             The game lasted 00:40:37 (16998 turns).

Flugkiller the Nimble (Octopode Wizard)            Turns: 16998, Time: 00:40:38

Health: -5/84      AC:  6    Str:  8    XL:     12   Next: 31%
Magic:  17/21      EV: 20    Int: 24    God:    Uskayaw [***...]
Gold:   650        SH:  5    Dex: 14    Spells: 10/23 levels left

rFire    . . .     SeeInvis +   E - +7 dagger of the Distant Future {vamp, Dex+4}
rCold    + . .     Gourm    .   i - +0 buckler
rNeg     . . .     Faith    .   o - +2 hat
rPois    .         Spirit   .   R - amulet of the acrobat
rElec    .         Reflect  .   f - ring of protection from magic
rCorr    .         Harm     .   r - ring of protection from cold
MR       +....                  y - +3 ring of protection
Stlth    ++++......             B - ring of see invisible
HPRegen  0.24/turn              (no ring)
MPRegen  0.17/turn              (no ring)
                                (no ring)
                                (no ring)

@: very slightly contaminated
A: almost no armour, stealthy swim, amphibious, 8 rings, constrict 8, camouflage
1, gelatinous body 1
a: Stomp, Line Pass, Renounce Religion


You were on level 3 of the Lair of Beasts.
You worshipped Uskayaw.
Uskayaw was noncommittal.
You were not hungry.

You visited 3 branches of the dungeon, and saw 14 of its levels.
You also visited: Volcano.

You collected 674 gold pieces.
You spent 24 gold pieces at shops.

Inventory:

Hand Weapons
 a - a +2 hunting sling of flaming
   (You took it off a goblin on level 2 of the Dungeon)
 w - a +0 dagger of electrocution
   (You took it off a kobold on level 3 of the Dungeon)
 D - a +2 short sword of speed
   (You found it on level 5 of the Dungeon)
 E - the +7 dagger of the Distant Future (weapon) {vamp, Dex+4}
   (You found it on level 7 of the Dungeon)

   It inflicts no extra harm, but heals its wielder when it wounds a living foe.
   It affects your dexterity (+4).
 J - a +1 short sword of venom
   (You took it off Duvessa on level 7 of the Dungeon)
Missiles
 b - 141 arrows
 d - 6 curare-tipped darts (quivered)
 p - 495 stones
Armour
 i - a +0 buckler (worn)
   (You found it on level 1 of the Dungeon)
 o - a +2 hat (worn)
 I - a +2 tower shield of fire resistance
   (You found it on level 6 of the Dungeon)
Magical Staves
 h - an uncursed staff of cold
   (You found it on level 9 of the Dungeon)
Jewellery
 f - a ring of protection from magic (left tentacle)
   (You found it on level 1 of the Dungeon)
 r - a ring of protection from cold (right tentacle)
   (You found it on level 2 of the Dungeon)
 y - a +3 ring of protection (on tentacle)
   (You found it on level 4 of the Dungeon)
 B - a ring of see invisible (on tentacle)
   (You found it on level 5 of the Dungeon)
 R - an amulet of the acrobat (around mantle)
   (You found it on level 3 of the Lair of Beasts)
Wands
 z - a wand of iceblast (8)
   (You found it on level 5 of the Dungeon)
 A - a wand of flame (38)
   (You took it off a goblin on level 4 of the Dungeon)
Scrolls
 e - 11 scrolls of remove curse
 g - 2 scrolls of magic mapping
 s - 2 scrolls of enchant weapon
 t - a scroll of immolation
 G - 3 scrolls of enchant armour
 H - a scroll of amnesia
 L - a scroll of teleportation
 M - 2 scrolls of vulnerability
 O - a scroll of fear
Potions
 j - 2 potions of ambrosia
 k - 2 potions of berserk rage
 l - 2 potions of flight
 m - 2 potions of magic
 n - 6 potions of lignification
 q - 2 potions of stabbing
 u - 2 potions of haste
 v - 2 potions of brilliance
 x - 2 potions of resistance
 C - 2 potions of heal wounds
 K - 2 potions of mutation
 Q - a potion of invisibility {unknown}
Miscellaneous
 P - a phial of floods
   (You found it on level 2 of the Lair of Beasts)
Comestibles
 c - 14 rations


   Skills:
 - Level 8.7 Fighting
 - Level 5.0 Short Blades
 - Level 11.0 Dodging
 - Level 4.0 Stealth
 - Level 4.4 Shields
 - Level 6.2 Spellcasting
 - Level 6.3 Conjurations
 - Level 2.2 Summonings
 - Level 1.0 Translocations
 - Level 1.3 Fire Magic
 - Level 1.3 Air Magic
 - Level 1.0 Poison Magic
 + Level 7.6 Invocations
 - Level 3.0 Evocations


You had 10 spell levels left.
You knew the following spells:

 Your Spells              Type           Power        Failure   Level  Hunger
a - Magic Dart            Conj           ####         1%          1    None
b - Call Imp              Summ           ###.....     4%          2    None
c - Conjure Flame         Conj/Fire      ####....     4%          3    None
d - Mephitic Cloud        Conj/Pois/Air  ###.....     7%          3    None
e - Sticks to Snakes      Tmut           #.......     12%         2    None
r - Blink                 Tloc           N/A          8%          2    None

Your spell library contained the following spells:

 Spells                   Type           Power        Failure   Level  Hunger
 Summon Butterflies       Summ           ###.....     3%          1    None
 Apportation              Tloc           ##....       5%          1    None
 Sting                    Tmut/Pois      #...         6%          1    None
 Beastly Appendage        Tmut           #.....       8%          1    None
 Poisonous Vapours        Pois/Air       ##....       8%          2    None
 Slow                     Hex            #.......     12%         2    None
 Lesser Beckoning         Tloc           ##........   16%         3    None
 Ignite Poison            Fire/Tmut/Pois ##......     17%         3    None
 Spider Form              Tmut/Pois      #.........   19%         3    None
 Tukima's Dance           Hex            #.......     24%         3    None
 Olgreb's Toxic Radiance  Pois           ##......     45%         4    ###....
 Ice Form                 Ice/Tmut       #.......     61%         4    ###....
 Alistair's Intoxication  Tmut/Pois      #.......     87%         5    #####..
 Blade Hands              Tmut           #.........   91%         5    #####..
 Freezing Cloud           Conj/Ice/Air   ###.......   99%         6    ######.
 Invisibility             Hex            #.......     100%        6    ######.
 Ring of Flames           Chrm/Fire      ##........   100%        7    #######


Dungeon Overview and Level Annotations

Branches:
Dungeon (10/15)            Temple (1/1) D:5            Lair (3/6) D:8
 Shoals (0/4) Lair:2      Volcano (visited)
  Snake: Lair:2-4    Spider: Lair:2-4       Orc: D:9-12

Altars:
Ashenzari
Cheibriados
Dithmenos
Elyvilon
Fedhas
Gozag
Hepliaklqana
Kikubaaqudgha
Makhleb
Nemelex Xobeh
Okawaru
Qazlal
Ru
Sif Muna
Uskayaw
Vehumet
Wu Jian
Xom
Yredelemnul
Zin
The Shining One

Shops:
D:6 *   D:8 [

Annotations:
D:7 Joseph
D:9 exclusion: two-headed ogre
D:10 Josephine


Innate Abilities, Weirdness & Mutations

You cannot wear most types of armour.
You are very stealthy in the water. (Stealth+)
You are amphibious.
You can wear up to eight rings at the same time.
You can use your tentacles to constrict eight enemies at once.
Your skin changes colour to match your surroundings (Stealth+).
Your rubbery body absorbs attacks. (AC +1, EV +1)


Message History

The hippogriff is severely wounded.
You feel sick.
You hit the hippogriff.
You feel better.
You squeeze the hippogriff, but do no damage.
The hippogriff is almost dead.
You block the hippogriff's attack. The hippogriff barely misses you. x2
You can now merge with and destroy a victim.
You hit the hippogriff.
You kill the hippogriff!
Aiming: Grand Finale
Press: ? - help, Shift-Dir - straight line, f - six-headed hydra
Aim: a six-headed hydra (moderately wounded, sharing its pain)
You fail to use your ability.
The six-headed hydra bites you!
The six-headed hydra closely misses you.
The six-headed hydra bites you.
You block the six-headed hydra's attack.
The six-headed hydra bites you but does no damage.
The six-headed hydra barely misses you.
Unknown command.
Unknown command.
You see here a water moccasin corpse.
You feel sick.
You are no longer poisoned.
You can no longer merge with and destroy a victim.
Casting: Magic Dart (safe; 1% risk of failure)
Confirm with . or Enter, or press ? or * to list all spells.
You blink.
The six-headed hydra closely misses you.
The six-headed hydra bites you but does no damage.
The six-headed hydra bites you!
* * * LOW HITPOINT WARNING * * *
The six-headed hydra bites you.
* * * LOW HITPOINT WARNING * * *
The six-headed hydra closely misses you.
The six-headed hydra bites you.
* * * LOW HITPOINT WARNING * * *
You see here a water moccasin corpse.
Casting: Blink (safe; 8% risk of failure)
Confirm with . or Enter, or press ? or * to list all spells.
You miscast Blink.
You are very lightly contaminated with residual magic.
Strange energies run through your body. The six-headed hydra bites you!
* * * LOW HITPOINT WARNING * * *
The six-headed hydra bites you.
* * * LOW HITPOINT WARNING * * *
The six-headed hydra bites you!
* * * LOW HITPOINT WARNING * * *
The six-headed hydra completely misses you.
The six-headed hydra bites you!
You die...

# # ### ### #♣
#P#####.### #≈
###..#...#..## ♣♣
##............# ###
##..#D..######.####.#
#.#.@###.####..#P.>..
###.###.#............
#..###.#..P.P.##.#..
#...#..D.###..##....
##...<...P###.#..P#.
#..####.P##..##.###
#..P ##.##..Y#...##
#..###.....#.Y..P.#
...###.......H..Y..


You could see a six-headed hydra.

Vanquished Creatures
  A two-headed ogre (D:8)
  3 black mambas
  A merfolk siren (Lair:2)
  2 spiny frogs
  Maggie (D:8)
  2 komodo dragons
  Prince Ribbit (D:5)
  A troll (D:9)
  7 blink frogs (Lair:3)
  7 hippogriffs
  Sigmund (D:6)
  A wyvern (Lair:3)
  A wraith (D:9)
  2 basilisks (Lair:1)
  A steam dragon (Lair:3)
  16 yaks
  A hungry ghost (D:9)
  Menkaure (D:4)
  6 water moccasins
  Duvessa (D:7)
  8 porcupines
  2 ice beasts
  2 black bears (D:8)
  5 ogres
  2 phantoms
  11 wolves
  3 centaurs
  4 crocodiles
  A big kobold (D:8)
  13 bullfrogs
  Dowan (D:7)
  11 killer bees
  5 wights (D:9)
  4 crimson imps
  A quasit (D:6)
  A bullfrog skeleton (D:8)
  A hound (Lair:1)
  A jelly (D:6)
  5 orc priests
  An iguana (D:5)
  3 orc wizards (D:4)
  6 worker ants
  A killer bee zombie (D:6)
  2 worker ant zombies
  2 river rats (Lair:2)
  11 adders
  A gnoll (D:1)
  A shadow imp (D:9)
  2 oozes
  An adder zombie (D:7)
  2 worms
  3 dart slugs
  3 leopard geckos
  12 orcs
  A ball python (D:1)
  7 bats
  5 giant cockroaches
  12 goblins
  5 hobgoblins
  5 jackals
  5 quokkas
  2 frilled lizards (D:2)
  A jackal zombie (D:7)
  14 kobolds
  4 leopard gecko skeletons
  A quokka zombie (D:5)
  8 rats
  A plant (Lair:2)
260 creatures vanquished.

Vanquished Creatures (collateral kills)
  An ogre (D:5)
  A crocodile (Lair:1)
  An orc priest (D:4)
  An orc wizard (D:6)
  2 orcs (D:4)
6 creatures vanquished.

Vanquished Creatures (others)
  35 fungi
  18 plants
53 creatures vanquished.

Grand Total: 319 creatures vanquished

Notes
Turn   | Place    | Note
-------+----------+-------------------------------------------
     0 | D:1      | Flugkiller the Octopode Wizard began the quest for the Orb.
     0 | D:1      | Reached XP level 1. HP: 11/11 MP: 4/4
    39 | D:1      | Reached XP level 2. HP: 12/17 MP: 0/6
   676 | D:1      | Reached XP level 3. HP: 20/21 MP: 0/7
  1170 | D:1      | Learned a level 2 spell: Call Imp
  1174 | D:1      | Learned a level 3 spell: Conjure Flame
  1677 | D:2      | Reached XP level 4. HP: 22/27 MP: 2/9
  1838 | D:2      | Learned a level 3 spell: Mephitic Cloud
  2911 | D:3      | Reached skill level 1 in Poison Magic
  2911 | D:3      | Reached XP level 5. HP: 31/31 MP: 6/10
  3411 | D:4      | Learned a level 2 spell: Blink
  3413 | D:4      | Noticed Menkaure
  3456 | D:4      | Noticed a phantom
  3692 | D:4      | Killed a phantom
  3692 | D:4      | Reached skill level 1 in Fire Magic
  3692 | D:4      | Reached skill level 1 in Air Magic
  3798 | D:4      | Reached XP level 6. HP: 36/36 MP: 5/12
  4166 | D:4      | Found a radiant altar of Vehumet.
  4263 | D:4      | Reached XP level 7. HP: 41/41 MP: 2/14
  4278 | D:4      | Reached skill level 5 in Spellcasting
  4493 | D:4      | Found an opulent altar of Gozag.
  4742 | D:4      | Killed Menkaure
  4742 | D:4      | Reached skill level 5 in Conjurations
  5220 | D:5      | Entered Level 5 of the Dungeon
  5220 | D:5      | Found a staircase to the Ecumenical Temple.
  5244 | Temple   | Entered the Ecumenical Temple
  5509 | D:5      | Reached XP level 8. HP: 32/46 MP: 16/16
  5510 | D:5      | Found a blossoming altar of Fedhas.
  5662 | D:5      | Noticed Prince Ribbit
  5682 | D:5      | Killed Prince Ribbit
  6157 | D:5      | Noticed a +0 hand axe
  6159 | D:5      | Noticed a +0 hand axe
  6160 | D:5      | Found a hide-covered altar of Uskayaw.
  6274 | D:5      | Reached skill level 1 in Fighting
  6274 | D:5      | Reached skill level 1 in Short Blades
  6274 | D:5      | Reached skill level 1 in Shields
  6681 | D:6      | Found a shimmering altar of Xom.
  6927 | D:6      | Found a burning altar of Makhleb.
  7044 | D:6      | Reached skill level 3 in Dodging
  7197 | D:6      | Noticed Sigmund
  7266 | D:6      | Killed Sigmund
  7504 | D:6      | Reached XP level 9. HP: 55/55 MP: 18/18
  7628 | D:6      | Found Ticofu's General Store.
  7655 | D:6      | Bought a scroll of identify for 24 gold pieces
  7873 | D:7      | Got an iridescent dagger
  7884 | D:7      | Identified the +7 dagger of the Distant Future {vamp,
                  | Dex+4} (You found it on level 7 of the Dungeon)
  7942 | D:7      | Noticed Joseph
  8054 | D:7      | Reached skill level 4 in Dodging
  8161 | D:7      | Noticed Dowan
  8168 | D:7      | Noticed Duvessa
  8189 | D:7      | Killed Duvessa
  8192 | D:7      | Killed Dowan
  8418 | D:8      | Noticed Maggie
  8427 | D:8      | Killed Maggie
  8444 | D:8      | Reached skill level 1 in Evocations
  8508 | D:8      | Found Bait's Antique Armour Shop.
  8533 | D:8      | Noticed a two-headed ogre
  8837 | D:8      | Reached skill level 5 in Dodging
  9136 | D:8      | Reached skill level 6 in Dodging
  9174 | D:8      | Killed a two-headed ogre
  9174 | D:8      | Reached skill level 5 in Fighting
  9174 | D:8      | Reached XP level 10. HP: 56/66 MP: 0/19
  9320 | D:8      | Found a staircase to the Lair.
  9687 | D:8      | Reached skill level 7 in Dodging
  9993 | D:9      | Found a hazy altar of Hepliaklqana.
 10012 | D:9      | Found an ornate altar of the Wu Jian Council.
 10015 | D:9      | Found a glowing golden altar of the Shining One.
 10024 | D:9      | Found an ancient bone altar of Kikubaaqudgha.
 10026 | D:9      | Found a shadowy altar of Dithmenos.
 10026 | D:9      | Noticed a two-headed ogre
 10171 | D:5      | Became a worshipper of Uskayaw the Reveler
 10257 | D:8      | Reached * piety under Uskayaw
 10282 | D:8      | Reached ** piety under Uskayaw
 10856 | D:9      | Reached *** piety under Uskayaw
 10882 | D:9      | Found a white marble altar of Elyvilon.
 11073 | D:9      | Reached **** piety under Uskayaw
 11077 | D:9      | Reached skill level 8 in Dodging
 11080 | D:9      | Reached ***** piety under Uskayaw
 11499 | D:10     | Entered Level 10 of the Dungeon
 11505 | D:10     | Noticed Josephine
 11608 | Lair:1   | Entered Level 1 of the Lair of Beasts
 11626 | Lair:1   | Upgraded the game from 0.25-a0-617-g20d90ebb82 to
                  | 0.25-a0-632-g7713895373
 11715 | Lair:1   | Found a dark tunnel.
 11729 | Volcano  | Entered a volcano
 11953 | Lair:1   | Reached XP level 11. HP: 63/77 MP: 20/20
 12112 | Lair:1   | Reached skill level 9 in Dodging
 12690 | Lair:1   | Reached ****** piety under Uskayaw
 12837 | Lair:1   | Reached skill level 1 in Invocations
 13994 | Lair:1   | Reached skill level 10 in Dodging
 15164 | Lair:2   | Found a staircase to the Shoals.
 15390 | Lair:3   | Noticed a six-headed hydra
 15484 | Lair:3   | Reached skill level 5 in Invocations
 15486 | Lair:3   | Reached skill level 5 in Short Blades
 15502 | Lair:3   | Reached XP level 12. HP: 28/84 MP: 17/21
 15524 | Lair:3   | Reached skill level 11 in Dodging
 15766 | Lair:2   | Learned a level 2 spell: Sticks to Snakes
 16998 | Lair:3   | Slain by a six-headed hydra

Levels and vault maps discovered:
D:1:      dpeg_arrival_lava_altar, layout_rooms, minmay_circled_x
D:2:      layout_basic, minmay_indecisive_spiral
D:3:      layout_rooms
D:4:      layout_loops_cross, vehumet_altar_wand_db, nicolae_gozag_seed_capital,
          uniq_menkaure
D:5:      layout_loops_ring, dancing_weapons_uskayaw, fedhas_altar_1,
          minmay_temple_entry_crystal_x, first_ration, minmay_misc_feat_cross,
          uniq_prince_ribbit1
D:6:      layout_loops_corners, old_standard_altar,
          lemuel_coloured_pillars_altar, serial_shops,
          nicolae_shop_window_shopping, uniq_sigmund
D:7:      layout_basic, uniq_duvessa, uniq_joseph
D:8:      layout_rooms, due_lair_maze_entry_diamond, serial_curves,
          eino_curves_03, eino_curves_04, serial_shops, nicolae_shop_waterfront,
          uniq_maggie
D:9:      layout_roguey, nicolae_overflow_crystal_walls, marbit_many_paths,
          minitemple
D:10:     layout_small_grid, serial_shops, kennysheep_mini,
          hangedman_little_slice_of_home, uniq_josephine
Temple:   compressed_dpeg_triangle_lava_temple
Lair:1:   beast_lair_carwin_large_2, layout_loops_ring,
          nicolae_volcano_entry_hallway, chequers_serial_rivers_micro_c,
          hangedman_lair_generics_rect
Lair:2:   layout_misc_corridors, minmay_shoals_entry_lonely_mermaid, pond,
          serial_bayou_shore_b
Lair:3:   regret_index_harrowing_hell_hive, layout_loops_ring,
          serial_bayou_shore_b

Skill      XL: |  1  2  3  4  5  6  7  8  9 10 11 12 |
---------------+-------------------------------------+-----
Conjurations   | 2 3 4 5 6 |  6.3
Poison Magic   | 1 |  1.0
Spellcasting   | 4 5 6 |  6.2
Fire Magic     | 1 |  1.3
Air Magic      | 1 |  1.3
Summonings     | 2 |  2.2
Fighting       | 2 5 7 8 |  8.7
Short Blades   | 2 5 |  5.0
Shields        | 2 4 |  4.4
Dodging        | 3 6 8 10 11 | 11.0
Stealth        | 4 |  4.0
Evocations     | 3 |  3.0
Invocations    | 5 7 |  7.6
Translocations | |  1.0

Action                   |  1- 3 |  4- 6 |  7- 9 | 10-12 || total
-------------------------+-------+-------+-------+-------++-------
Melee: Unarmed           |    17 |       |       |       ||    17
       Tentacles         |     6 |     4 |    15 |    92 ||   117
       Constrict         |     7 |     3 |    33 |    58 ||   101
       Dagger            |    12 |    36 |   153 |   587 ||   788
 Fire: Hunting sling     |       |    24 |       |       ||    24
Throw: Dart              |       |       |     1 |       ||     1
 Cast: Magic Dart        |    63 |   107 |   116 |   103 ||   389
       Call Imp          |     5 |     5 |    25 |    14 ||    49
       Conjure Flame     |       |     3 |    11 |    13 ||    27
       Mephitic Cloud    |       |     1 |     4 |    18 ||    23
       Blink             |       |       |     2 |     8 ||    10
Invok: Line Pass         |       |       |       |     4 ||     4
       Grand Finale      |       |       |       |     1 ||     1
Evoke: Wand              |       |       |    14 |     1 ||    15
  Use: Scroll            |       |     9 |     8 |     8 ||    25
       Potion            |       |       |     1 |     2 ||     3
 Stab: Sleeping          |       |     1 |     5 |     9 ||    15
       Paralysed         |       |       |       |    16 ||    16
       Confused          |       |       |       |     9 ||     9
       Distracted        |       |       |       |     3 ||     3
  Eat: Chunk             |     2 |     5 |    12 |    27 ||    46
       Ration            |       |     1 |     1 |     1 ||     3
Armor: Skin              |     8 |     3 |    19 |    52 ||    82
Dodge: Dodged            |    30 |    37 |   107 |   457 ||   631
Block: Buckler           |       |       |    10 |   109 ||   119

Table legend:
 A = Non-vault XP
 B = Vault XP
 C = Vault XP percentage of total XP
 D = Non-vault monster count
 E = Vault monster count
 F = Vault count percentage of total count
                 A         B        C        D         E       F
            +---------+---------+-------+---------+---------+-------
      Total |   15224 |    7416 |  32.8 |     205 |      60 |  22.6
            +---------+---------+-------+---------+---------+-------
        D:1 |      45 |      19 |  29.7 |      21 |       4 |  16.0
        D:2 |      53 |      17 |  24.3 |      17 |       4 |  19.0
        D:3 |      48 |       0 |   0.0 |      18 |       0 |   0.0
        D:4 |     755 |     159 |  17.4 |      35 |       2 |   5.4
        D:5 |     461 |     216 |  31.9 |      10 |       1 |   9.1
        D:6 |     493 |     147 |  23.0 |      13 |       1 |   7.1
        D:7 |     244 |     226 |  48.1 |       7 |       2 |  22.2
        D:8 |    1369 |    1552 |  53.1 |      16 |      11 |  40.7
        D:9 |    2301 |     209 |   8.3 |      19 |       1 |   5.0
     Lair:1 |    3467 |    2528 |  42.2 |      18 |      12 |  40.0
     Lair:2 |    1943 |    1048 |  35.0 |       9 |       9 |  50.0
     Lair:3 |    4045 |    1295 |  24.3 |      22 |      13 |  37.1
            +---------+---------+-------+---------+---------+-------
